[Event "Titled Tuesday Blitz March 29 Early 2022"]
[White "Xiong, Jeffery"]
[Black "Salinas Herrera, Pablo"]
[WhiteFideId "2047640"]
[BlackFideId "3407128"]
[WhiteElo "2727"]
[BlackElo "2541"]
[Result "1-0"]
[Round "06"]
[TimeControl "180+1"]
[Date "2022.03.29"]
[WhiteClock "0:01:40"]
[BlackClock "0:00:02"]

1. d4 d5 2. Nf3 Nf6 3. Bf4 e6 4. e3 Bd6 5. Nbd2 O-O 6. Bd3 c5 7. dxc5 Bxc5 8. c4 Nc6 9. O-O a6 10. a3 Re8 11. Bg3 Bd6 12. Qe2 Bxg3 13. hxg3 Qe7 14. Rac1 Bd7 15. cxd5 Nxd5 16. e4 Nc7 17. e5 Red8 18. Qe4 g6 19. Qe3 Nd5 20. Qh6 Qf8 21. Qh4 Qg7 22. Rfe1 Be8 23. Bc4 Nde7 24. Ne4 Nf5 25. Qf4 Nfd4 26. Nf6+ Kh8 27. Ng5 h6 28. g4 Qf8 29. Rc3 Kg7 30. Rh3 Qh8 31. Nxe8+ Qxe8 32. Qf6+ 1-0


[Site "https://www.chess.com"]

[Event "Titled Tuesday Blitz March 29 Early 2022"]
[White "Xu, Yi"]
[Black "Brodowski, Piotr"]
[WhiteFideId "8605564"]
[BlackFideId "1124480"]
[WhiteElo "2471"]
[BlackElo "2422"]
[Result "1-0"]
[Round "06"]
[TimeControl "180+1"]
[Date "2022.03.29"]
[WhiteClock "0:00:29"]
[BlackClock "0:00:06"]

1. e4 d6 2. d4 Nf6 3. Nc3 g6 4. f4 Bg7 5. Nf3 O-O 6. Bd3 Bg4 7. e5 dxe5 8. fxe5 Nd5 9. h3 Be6 10. Ne4 Nb6 11. h4 Bg4 12. c3 N8d7 13. h5 c5 14. hxg6 fxg6 15. Rxh7 Bxf3 16. Rxg7+ Kxg7 17. gxf3 cxd4 18. cxd4 Nd5 19. Qb3 N7b6 20. Ng5 Qd7 21. Bd2 Rac8 22. Ke2 Rc6 23. Rh1 Rh8 24. Rxh8 Kxh8 25. Qd1 e6 26. Qh1+ Kg8 27. Bxg6 Nc4 28. Bf7+ Kf8 29. Qh8+ Ke7 30. Bg6 Rc8 31. Bb4+ Nxb4 32. Qf6# 1-0


[Site "https://www.chess.com"]

[Event "Titled Tuesday Blitz March 29 Early 2022"]
[White "Yanayt, Eugene"]
[Black "Quirke, Jeffrey"]
[WhiteFideId "2020165"]
[BlackFideId "2013029"]
[WhiteElo "2046"]
[BlackElo "2174"]
[Result "1-0"]
[Round "06"]
[TimeControl "180+1"]
[Date "2022.03.30"]
[WhiteClock "0:00:44"]
[BlackClock "0:00:02"]

1. d4 d5 2. c4 e6 3. Nf3 Nf6 4. g3 Bb4+ 5. Nc3 O-O 6. Bg2 dxc4 7. O-O Nc6 8. Qa4 Nd5 9. Qc2 Be7 10. a3 Na5 11. Rb1 b6 12. e4 Nf6 13. Rd1 Bb7 14. Qe2 Qe8 15. Bf4 c6 16. a4 Rc8 17. Ne5 Nd7 18. Nxc4 Ba6 19. b3 e5 20. dxe5 Bb4 21. Na2 Bxc4 22. bxc4 c5 23. Nxb4 cxb4 24. Rxb4 Nxe5 25. Rb5 Nexc4 26. Rh5 Qe6 27. e5 g6 28. Bd5 1-0


[Site "https://www.chess.com"]

[Event "Titled Tuesday Blitz March 29 Early 2022"]
[White "Yang, Kaiqi"]
[Black "Martin, Lewis"]
[WhiteFideId "8604398"]
[BlackFideId "410551"]
[WhiteElo "2373"]
[BlackElo "2145"]
[Result "1-0"]
[Round "06"]
[TimeControl "180+1"]
[Date "2022.03.30"]
[WhiteClock "0:00:20"]
[BlackClock "0:00:13"]

1. e4 c5 2. Nc3 Nc6 3. Bb5 Nd4 4. Nf3 a6 5. Bd3 g6 6. Nxd4 cxd4 7. Ne2 Bg7 8. b3 d5 9. exd5 Qxd5 10. O-O Nf6 11. Bb2 e5 12. c3 dxc3 13. Bc4 Qc6 14. Nxc3 O-O 15. Qe2 Re8 16. Rac1 b5 17. Nxb5 Qd7 18. Bxf7+ Qxf7 19. Nd6 Qd5 20. Nxe8 Nxe8 21. Rfe1 Bb7 22. f3 Rd8 23. Bxe5 Qxd2 24. Rc2 Qxe2 25. Rcxe2 Bf8 26. h4 Ng7 27. Kh2 Nf5 28. Kh3 Bc8 29. g4 Ne7 30. Bf6 Rd3 31. Bxe7 Rxf3+ 32. Kg2 Bxg4 33. Bxf8 Kxf8 34. Rf2 Rxf2+ 35. Kxf2 Kg7 36. Kg3 Bf5 37. Kf4 1-0


[Site "https://www.chess.com"]

[Event "Titled Tuesday Blitz March 29 Early 2022"]
[White "volunteers1998"]
[Black "Kobalia, Mikhail"]
[BlackFideId "4119150"]
[WhiteElo "2292"]
[BlackElo "2667"]
[Result "0-1"]
[Round "06"]
[TimeControl "180+1"]
[Date "2022.03.30"]
[WhiteClock "0:00:50"]
[BlackClock "0:01:57"]

1. e4 c5 2. Nf3 e6 3. d4 cxd4 4. Nxd4 a6 5. Nc3 b5 6. Be2 Qb6 7. O-O Bb7 8. Be3 Bc5 9. a3 Nc6 10. Nxc6 Bxc6 11. Bxc5 Qxc5 12. Qd2 Nf6 13. Bd3 O-O 14. Rad1 a5 15. Rfe1 b4 16. axb4 axb4 17. Nb1 d5 18. exd5 Bxd5 19. Re3 Rfd8 20. Rg3 Be4 21. Qe3 Qc6 22. Qg5 Bg6 23. Nd2 b3 24. Nxb3 Ne4 25. Qe3 Nxg3 26. hxg3 Bxd3 27. Rxd3 Qxc2 28. Rxd8+ Rxd8 29. Qb6 Qd1+ 30. Kh2 Qh5+ 0-1


[Site "https://www.chess.com"]

[Event "Titled Tuesday Blitz March 29 Early 2022"]
[White "Abdrlauf, Elham"]
[Black "Piesik, Piotr"]
[WhiteFideId "1533533"]
[BlackFideId "1136194"]
[WhiteElo "2334"]
[BlackElo "2190"]
[Result "1/2-1/2"]
[Round "07"]
[TimeControl "180+1"]
[Date "2022.03.29"]
[WhiteClock "0:00:05"]
[BlackClock "0:00:13"]

1. e4 g6 2. d4 Bg7 3. Nf3 c6 4. Nc3 d6 5. Be3 Nf6 6. Qd2 O-O 7. Bh6 b5 8. Bd3 b4 9. Ne2 a5 10. h4 Bxh6 11. Qxh6 Ng4 12. Qd2 h5 13. Ng3 Ba6 14. Nxh5 gxh5 15. Qg5+ Kh7 16. Qxh5+ Nh6 17. Ng5+ Kg7 18. Rh3 Rh8 19. Rf3 Qe8 20. Rg3 Kf8 21. O-O-O Nd7 22. e5 Bxd3 23. Rdxd3 dxe5 24. Rdf3 Nf6 25. dxe5 Rd8 26. exf6 exf6 27. Re3 Qd7 28. Rd3 Qc7 29. Qxf7+ Nxf7 30. Ne6+ Ke7 31. Nxc7 Rxd3 32. Rxd3 Rxh4 33. Na6 Ne5 34. Rd1 Rh2 35. Nb8 Rxg2 36. f4 Nc4 37. Nxc6+ Kf7 38. Re1 Rf2 39. Nd8+ Kg6 40. Ne6 Kf5 41. Nd4+ Kxf4 42. Nc6 Ne3 43. Nd4 Ke4 44. c3 bxc3 45. bxc3 Rxa2 46. Nb3 Rc2+ 47. Kb1 Rxc3 48. Kb2 Rc2+ 49. Ka3 f5 50. Nxa5 f4 51. Kb3 Rc5 52. Kb4 Rc8 53. Nb3 Kf3 54. Nd2+ Kf2 55. Rh1 f3 56. Nxf3 Kxf3 57. Rh7 Ke4 58. Kb5 Kd4 59. Rd7+ Nd5 60. Rh7 Rc5+ 61. Ka6 Rc1 62. Rh8 Rb1 63. Ka5 Kc5 64. Rc8+ Kd6 65. Rh8 Kc6 66. Ka4 Nb6+ 67. Ka3 Nc4+ 68. Ka4 Rb7 69. Rc8+ Kd5 70. Rc5+ Kd4 71. Rd5+ Kc3 72. Rd3+ Kc2 73. Rc3+ Kxc3 1/2-1/2


[Site "https://www.chess.com"]

[Event "Titled Tuesday Blitz March 29 Early 2022"]
[White "Abdusattorov, Nodirbek"]
[Black "Avila Pavas, Santiago"]
[WhiteFideId "14204118"]
[BlackFideId "4437128"]
[WhiteElo "2663"]
[BlackElo "2242"]
[Result "1-0"]
[Round "07"]
[TimeControl "180+1"]
[Date "2022.03.29"]
[WhiteClock "0:00:30"]
[BlackClock "0:00:02"]

1. e4 Nf6 2. e5 Nd5 3. d4 d6 4. Nf3 g6 5. Bc4 Nb6 6. Bb3 Bg7 7. Qe2 O-O 8. h3 c5 9. dxc5 dxc5 10. O-O a5 11. Nc3 a4 12. Rd1 Qc7 13. Nd5 Nxd5 14. Bxd5 Nc6 15. Bf4 Be6 16. Bxe6 fxe6 17. Qc4 Kh8 18. Bg3 Nxe5 19. Bxe5 Bxe5 20. Qxe6 Bf6 21. Rd7 Qf4 22. Rad1 b5 23. b3 axb3 24. axb3 Kg7 25. Ne5 Rad8 26. Rxd8 Rxd8 27. Qf7+ Kh6 28. Ng4+ Qxg4 29. hxg4 Rxd1+ 30. Kh2 Kg5 31. Qxh7 Rd2 32. Kg3 Be5+ 33. Kf3 Rxc2 34. Qxe7+ Bf6 35. Qe3+ Kh4 36. Qh6# 1-0


[Site "https://www.chess.com"]

[Event "Titled Tuesday Blitz March 29 Early 2022"]
[White "Adewumi, Tanitoluwa"]
[Black "Johnson, Ben"]
[WhiteFideId "30966396"]
[BlackFideId "2010917"]
[WhiteElo "2548"]
[BlackElo "2199"]
[Result "1-0"]
[Round "07"]
[TimeControl "180+1"]
[Date "2022.03.30"]
[WhiteClock "0:00:15"]
[BlackClock "0:00:03"]

1. Nf3 d5 2. c4 e6 3. Nc3 Nf6 4. d4 Bb4 5. Qa4+ Nc6 6. e3 O-O 7. Bd2 a6 8. cxd5 exd5 9. a3 Bd6 10. Bd3 Re8 11. h3 Bd7 12. Qc2 Rc8 13. O-O Nb8 14. b4 c6 15. Rab1 Qe7 16. Na4 Ne4 17. Nc5 Rc7 18. Bc3 Bc8 19. Bxe4 dxe4 20. Ne5 Be6 21. Qxe4 Bd5 22. Qg4 b6 23. Ncd3 f6 24. Rbd1 fxe5 25. dxe5 Be6 26. Qg3 Rd7 27. exd6 Qxd6 28. Nf4 Bf7 29. Qxg7# 1-0


[Site "https://www.chess.com"]

[Event "Titled Tuesday Blitz March 29 Early 2022"]
[White "Aditya Mittal"]
[Black "Nozdrachev, Leonid"]
[WhiteFideId "35042025"]
[BlackFideId "24113433"]
[WhiteElo "2685"]
[BlackElo "2542"]
[Result "1/2-1/2"]
[Round "07"]
[TimeControl "180+1"]
[Date "2022.03.30"]
[WhiteClock "0:00:05"]
[BlackClock "0:00:04"]

1. d4 d6 2. c4 e5 3. d5 f5 4. e4 fxe4 5. Nc3 Nf6 6. Nge2 Bg4 7. Qb3 Na6 8. Ng3 Nc5 9. Qc2 Be7 10. h3 Bh5 11. Nxh5 Nxh5 12. b4 Nd3+ 13. Bxd3 exd3 14. Qxd3 O-O 15. O-O Bg5 16. Ne4 Bxc1 17. Rfxc1 Nf4 18. Qe3 Qe8 19. Kh2 Qh5 20. c5 Nxd5 21. Qb3 Qf7 22. cxd6 cxd6 23. Nxd6 Qe6 24. Rd1 Qxd6 25. Rxd5 Qe6 26. Re1 Kh8 27. f3 Qf6 28. Rdxe5 h6 29. R1e4 Rad8 30. Qe6 Qxe6 31. Rxe6 Rd2 32. a4 Rfd8 33. b5 R8d4 34. Re8+ Kh7 35. R4e7 Rxa4 36. Rxb7 Raa2 37. Kg3 Rxg2+ 38. Kf4 Ra4+ 39. Ke3 Rb4 40. Re4 Rb1 41. Ra4 Rg5 42. Raxa7 Rbxb5 43. Rd7 Rb3+ 44. Kf4 Rg6 45. Rf7 Rb4+ 46. Ke3 Rh4 47. Rf4 Re6+ 48. Re4 Rexe4+ 49. fxe4 Rxh3+ 50. Kf4 Kg6 51. Ra6+ Kf7 52. Ra7+ Kf6 53. e5+ Kg6 54. Ra6+ Kf7 55. Ra7+ Kf8 56. e6 Rh1 57. Kf5 Rf1+ 58. Kg6 Rf6+ 59. Kh7 Rxe6 60. Rxg7 h5 61. Rg5 h4 62. Rh5 Re4 63. Kg6 Ke7 64. Kf5 Ra4 65. Rh6 Kf7 66. Kg5 Kg7 67. Rxh4 Ra5+ 68. Kg4 Kg6 69. Kh3 Ra3+ 70. Kg2 Kg5 71. Rd4 Kf5 72. Kf2 Ke5 73. Rd2 Ra4 74. Kf3 Rf4+ 75. Ke3 Re4+ 76. Kf3 Rf4+ 77. Kg3 Rd4 78. Re2+ Kd5 79. Rh2 Kc4 80. Rh5 Kc3 81. Kf3 Rd3+ 82. Ke2 Rd2+ 83. Ke1 Ra2 84. Rh3+ Kd4 85. Kf1 Ke4 86. Kg1 Kf4 87. Rb3 Rd2 88. Rc3 Ke4 89. Kf1 Rd3 90. Rc8 Rd5 91. Ke2 Re5 92. Rf8 Re6 93. Kd2 Ke5 94. Kd3 Rd6+ 95. Kc4 Re6 96. Kc5 Ke4 97. Rf1 Ke5 98. Re1+ Kf6 99. Rh1 Ke5 100. Rh4 Kf5 101. Kd5 Rg6 102. Rh1 Rg5 103. Rf1+ Kg4+ 104. Ke4 Kh5 105. Rf8 Kg6 106. Kf4 Rh5 107. Kg4 Rd5 108. Rg8+ Kf7 109. Ra8 Rd7 110. Kf5 Rd5+ 111. Ke4 Rb5 112. Ra6 Ke7 113. Rh6 Kd7 114. Kd4 Rg5 115. Rh7+ Ke6 116. Rh8 Kf5 117. Re8 1/2-1/2


[Site "https://www.chess.com"]

[Event "Titled Tuesday Blitz March 29 Early 2022"]
[White "Alinasab, Mobina"]
[Black "Guz, Ari"]
[WhiteFideId "12528897"]
[BlackFideId "2825759"]
[WhiteElo "2052"]
[BlackElo "1913"]
[Result "0-1"]
[Round "07"]
[TimeControl "180+1"]
[Date "2022.03.30"]
[WhiteClock "0:00:01"]
[BlackClock "0:00:27"]

1. e4 c5 2. Nf3 e6 3. d4 cxd4 4. Nxd4 a6 5. c4 Nf6 6. Nc3 Qc7 7. Be2 Bb4 8. Nc2 Be7 9. O-O O-O 10. f4 d6 11. b4 b5 12. Ne3 bxc4 13. Qd4 Bb7 14. a3 Nbd7 15. Bb2 Rac8 16. Nxc4 Rfd8 17. Rac1 Qb8 18. Ne3 Bf8 19. Ng4 Nxg4 20. Bxg4 Nf6 21. Bf3 e5 22. Qe3 a5 23. Nd5 Bxd5 24. exd5 axb4 25. axb4 Qxb4 26. fxe5 dxe5 27. Bxe5 Bc5 28. Rxc5 Qxc5 29. Bd4 Qd6 30. Qg5 Rc4 31. Bxf6 Qxf6 32. Qxf6 gxf6 33. Rd1 Rd6 34. Kf2 Kf8 35. Ke3 Ke7 36. Rd2 f5 37. Ra2 Kf6 38. h3 Rc7 39. Ra5 Re7+ 40. Kd4 Rc7 41. Ra8 Rb6 42. Rh8 Rb4+ 43. Ke3 Rc3+ 44. Kf2 Kg7 45. Rd8 f4 46. Kg1 Rb1+ 47. Kh2 Rb2 48. Kh1 Rd3 49. d6 Rbd2 50. d7 Rxd7 51. Rxd7 Rxd7 52. Kg1 Kf6 53. Kf2 Ke5 54. Bg4 f5 55. Bf3 Kd4 56. Ke2 Ra7 57. Bc6 Ra2+ 58. Kf3 Ke5 59. Bb7 Ra3+ 60. Kf2 Kd4 61. Bc8 Ra5 62. Bd7 h5 63. Kf3 Ke5 64. Bc8 Rc5 65. Bb7 Rc3+ 66. Kf2 Kd4 67. Ba8 h4 68. Bf3 Rc2+ 69. Be2 Ke4 70. Kf1 Ke3 71. Bd1 Rc1 72. Ke1 Ra1 73. g3 fxg3 0-1


[Site "https://www.chess.com"]

[Event "Titled Tuesday Blitz March 29 Early 2022"]
[White "Aradhya, Garg"]
[Black "Shohat, Yotam"]
[WhiteFideId "25006746"]
[BlackFideId "2813955"]
[WhiteElo "2169"]
[BlackElo "2119"]
[Result "1-0"]
[Round "07"]
[TimeControl "180+1"]
[Date "2022.03.29"]
[WhiteClock "0:00:09"]
[BlackClock "0:00:02"]

1. d4 Nf6 2. c4 g6 3. Nc3 Bg7 4. e4 O-O 5. Be2 d6 6. Be3 Nc6 7. Nf3 Ng4 8. Bg5 f6 9. Bc1 e5 10. O-O f5 11. dxe5 dxe5 12. c5 Nd4 13. h3 Nxe2+ 14. Qxe2 Nf6 15. Bg5 h6 16. Rad1 Qe8 17. Bxf6 Rxf6 18. Nd5 Rf7 19. Nh4 c6 20. Nc3 Re7 21. Rd6 Be6 22. Rxe6 Rxe6 23. exf5 gxf5 24. Nxf5 e4 25. Qg4 Rg6 26. Qxg6 Qxg6 27. Ne7+ Kf7 28. Nxg6 Kxg6 29. Nxe4 Re8 30. Nd6 Re2 31. b3 Bd4 32. Nxb7 Rxa2 33. Nd8 Rb2 34. Nxc6 Bxc5 35. b4 Bb6 36. g3 Kf6 37. Kg2 h5 38. Kf3 Rb3+ 39. Ke4 Rb2 40. f4 Rb3 41. Rf3 Rb2 42. g4 Re2+ 43. Kd5 h4 44. Ne5 Rd2+ 45. Rd3 Rh2 46. Nd7+ Ke7 47. Nxb6 axb6 48. Kc6 Rg2 49. Kxb6 Rg3 50. Rd5 Rxh3 51. Rh5 Rb3 52. b5 h3 53. f5 Kf6 54. Kc6 Rc3+ 55. Kb7 Rc4 56. b6 Rxg4 57. Rxh3 Rg7+ 58. Kc6 Rg8 59. b7 Kxf5 60. Re3 1-0


[Site "https://www.chess.com"]

[Event "Titled Tuesday Blitz March 29 Early 2022"]
[White "Aravindh, Chithambaram VR."]
[Black "Sapunov, Evgeny"]
[WhiteFideId "5072786"]
[BlackFideId "4126661"]
[WhiteElo "2561"]
[BlackElo "2470"]
[Result "0-1"]
[Round "07"]
[TimeControl "180+1"]
[Date "2022.03.29"]
[WhiteClock "0:00:05"]
[BlackClock "0:00:28"]

1. b3 e5 2. Bb2 d6 3. e3 Nf6 4. c4 c6 5. Nf3 g6 6. Nc3 Bg7 7. Be2 O-O 8. O-O Re8 9. Rc1 a6 10. d4 e4 11. Nd2 h5 12. b4 Bf5 13. Nb3 Nbd7 14. d5 c5 15. bxc5 dxc5 16. Qd2 Bf8 17. f4 exf3 18. Rxf3 Bh6 19. Nd1 Qe7 20. h3 h4 21. Qc3 Kh7 22. Bd3 Bxd3 23. Qxd3 Ne4 24. Nd2 f5 25. Rb1 Rab8 26. Qc2 b6 27. Nxe4 Qxe4 28. Rc1 Qxc2 29. Rxc2 Ne5 30. Bxe5 Rxe5 31. Kf1 Kg8 32. Ke2 Kf7 33. Kd3 Ke7 34. Nc3 Kd6 35. g3 hxg3 36. Rxg3 g5 37. a4 Rbe8 38. Rb2 Kc7 39. d6+ Kc6 40. d7 Rd8 41. Nd5 b5 42. axb5+ axb5 43. Kc3 b4+ 44. Kd3 Rxd7 45. Ra2 Rdxd5+ 46. cxd5+ Kb5 47. Ra8 Rxd5+ 48. Kc2 c4 49. Rb8+ Ka4 50. Ra8+ Ra5 51. Rc8 c3 52. Rf3 Bg7 53. Rb8 Rd5 54. Ra8+ Kb5 55. Kb3 Rd2 56. Rb8+ Kc6 57. Rxb4 Rb2+ 58. Ka4 Rxb4+ 59. Kxb4 c2 60. Rf1 Bb2 61. Kc4 c1=Q+ 62. Rxc1 Bxc1 63. e4 f4 64. e5 f3 65. Kd3 Kd5 66. e6 Kxe6 67. h4 gxh4 0-1


[Site "https://www.chess.com"]

[Event "Titled Tuesday Blitz March 29 Early 2022"]
[White "Avalos Parra, Joao"]
[Black "Srinath, Rao S.V."]
[WhiteFideId "3402541"]
[BlackFideId "5028876"]
[WhiteElo "2173"]
[BlackElo "2181"]
[Result "0-1"]
[Round "07"]
[TimeControl "180+1"]
[Date "2022.03.30"]
[WhiteClock "0:00:06"]
[BlackClock "0:01:08"]

1. d4 d5 2. c4 dxc4 3. e3 e5 4. Bxc4 exd4 5. exd4 Bd6 6. Nf3 Nf6 7. O-O O-O 8. h3 h6 9. Nc3 Nc6 10. Re1 Bf5 11. a3 a6 12. Be3 Qd7 13. Bf1 Ne7 14. Qd2 Ned5 15. Nxd5 Nxd5 16. Rac1 Rae8 17. Bd3 Bxh3 18. gxh3 Qxh3 19. Qd1 Re6 20. Ne5 Rxe5 21. dxe5 Bxe5 22. Bh7+ Kxh7 23. Qxd5 Bh2+ 24. Kh1 Bg3+ 25. Kg1 Bh2+ 26. Kh1 Bd6+ 27. Kg1 f5 28. Qg2 Qh5 29. Bc5 Rf6 30. Bxd6 cxd6 31. Rc3 f4 32. Rh3 Qc5 33. Qe4+ Rg6+ 34. Kf1 Qb5+ 35. Qd3 Qg5 36. Qf3 Qg1+ 37. Ke2 Re6+ 38. Kd3 Qxe1 39. Qxf4 Qd1+ 40. Kc3 Qe1+ 41. Kb3 Qe5 42. Qc4 d5 43. Qc2+ Qe4 44. Rd3 Rc6 45. Qd2 Qc4# 0-1


[Site "https://www.chess.com"]

[Event "Titled Tuesday Blitz March 29 Early 2022"]
[White "Baches Garcia, Guillermo"]
[Black "Mikhailovsky, Vladimir"]
[WhiteFideId "2209764"]
[BlackFideId "34105414"]
[WhiteElo "2494"]
[BlackElo "2371"]
[Result "1-0"]
[Round "07"]
[TimeControl "180+1"]
[Date "2022.03.30"]
[WhiteClock "0:00:09"]
[BlackClock "0:00:41"]

1. e4 c6 2. d4 d5 3. exd5 cxd5 4. Bd3 Nc6 5. c3 Nf6 6. Bf4 Bg4 7. Qb3 Qd7 8. Nd2 e6 9. h3 Bh5 10. Ngf3 Bd6 11. Bxd6 Qxd6 12. O-O O-O 13. Rae1 Bxf3 14. Nxf3 Qc7 15. Qc2 Rab8 16. Qe2 a6 17. Ne5 Nxe5 18. dxe5 Nd7 19. Qh5 g6 20. Qg5 b5 21. a3 a5 22. h4 b4 23. axb4 axb4 24. h5 Nc5 25. Re3 bxc3 26. bxc3 Nxd3 27. Rxd3 Rb3 28. Rh3 Rxc3 29. Rxc3 Qxc3 30. Qf6 Qd2 31. f4 Qe3+ 32. Kh1 Qe2 33. Rf3 Rc8 34. h6 Kf8 35. Qh8+ Ke7 36. Qxc8 Qe1+ 37. Kh2 Qh4+ 38. Kg1 Qe1+ 39. Rf1 Qc3 40. Qxc3 1-0


[Site "https://www.chess.com"]

[Event "Titled Tuesday Blitz March 29 Early 2022"]
[White "Bacrot, Etienne"]
[Black "Majdan, Joanna"]
[WhiteFideId "605506"]
[BlackFideId "1121979"]
[WhiteElo "2673"]
[BlackElo "2234"]
[Result "1-0"]
[Round "07"]
[TimeControl "180+1"]
[Date "2022.03.30"]
[WhiteClock "0:00:31"]
[BlackClock "0:00:13"]

1. e4 c5 2. Nf3 e6 3. c3 d5 4. exd5 exd5 5. d4 Nc6 6. Bb5 Bd6 7. dxc5 Bxc5 8. O-O Ne7 9. Re1 O-O 10. Be3 Bd6 11. Nbd2 Bg4 12. h3 Bh5 13. Be2 Bc7 14. Nd4 Bg6 15. N2b3 a6 16. Bf1 Ne5 17. Bf4 Nc4 18. Bxc7 Qxc7 19. Qf3 Rad8 20. Bxc4 dxc4 21. Nd2 Nc6 22. Nxc6 Rxd2 23. Ne7+ Kh8 24. Re2 Rxe2 25. Qxe2 Bd3 26. Qe3 h6 27. Re1 b5 28. Nd5 Qd6 29. Ne7 a5 30. a3 b4 31. axb4 axb4 32. Qa7 bxc3 33. bxc3 Kh7 34. Re3 Rd8 35. h4 Rd7 36. Nc8 Qc6 37. Qb8 Rb7 38. Ne7 Rxb8 39. Nxc6 Rb1+ 40. Kh2 Rc1 41. Ne5 Rxc3 42. Nxf7 Rc2 43. Kg3 Bg6 44. Nd8 c3 45. Ne6 Rc1 46. Nf8+ Kg8 47. Nxg6 c2 48. Rc3 Kf7 49. Ne5+ Ke6 50. Ng4 g5 51. hxg5 hxg5 52. Ne3 1-0


[Site "https://www.chess.com"]

[Event "Titled Tuesday Blitz March 29 Early 2022"]
[White "Bashirli, Saadat"]
[Black "Krylov, Ivan"]
[WhiteFideId "13429990"]
[BlackFideId "24128066"]
[WhiteElo "1173"]
[BlackElo "2258"]
[Result "1-0"]
[Round "07"]
[TimeControl "180+1"]
[Date "2022.03.30"]
[WhiteClock "0:01:07"]
[BlackClock "0:00:01"]

1. d4 d5 2. Bg5 Nf6 3. Nd2 e6 4. Ngf3 Be7 5. e3 O-O 6. Bd3 b6 7. O-O Bb7 8. Ne5 Nbd7 9. f4 c5 10. c3 Rc8 11. Ndf3 Ne4 12. Bxe7 Qxe7 13. Nxd7 Qxd7 14. Ne5 Qe7 15. Qg4 f5 16. Qe2 Rf6 17. Bxe4 dxe4 18. Rad1 Rh6 19. dxc5 Qh4 20. g3 Qf6 21. cxb6 axb6 22. Rd7 Bd5 23. c4 Bc6 24. Nxc6 Rxc6 25. b3 Rc8 26. Qd2 g5 27. Rd1 gxf4 28. exf4 Rg6 29. Rd8+ Rxd8 30. Qxd8+ Qxd8 31. Rxd8+ Kg7 32. Kf2 Rh6 33. h4 Rg6 34. Rd6 Kf6 35. Rxb6 Rg7 36. a4 Rd7 37. a5 Ra7 38. b4 Rd7 39. a6 Rd2+ 40. Ke1 Ra2 41. b5 Ra1+ 42. Kd2 Ra2+ 43. Kc3 e3 44. Rd6 e2 45. Rd2 e1=Q 46. a7 1-0


[Site "https://www.chess.com"]

[Event "Titled Tuesday Blitz March 29 Early 2022"]
[White "Batsiashvili, Nino"]
[Black "Sargsyan, Anna M."]
[WhiteFideId "13602993"]
[BlackFideId "13308130"]
[WhiteElo "2192"]
[BlackElo "2271"]
[Result "1-0"]
[Round "07"]
[TimeControl "180+1"]
[Date "2022.03.30"]
[WhiteClock "0:00:11"]
[BlackClock "0:00:07"]

1. d4 Nf6 2. c4 g6 3. Nc3 d5 4. cxd5 Nxd5 5. e4 Nxc3 6. bxc3 Bg7 7. h3 c5 8. Be3 O-O 9. Nf3 Nc6 10. Be2 Qa5 11. O-O Rd8 12. d5 Bxc3 13. Rc1 Bb4 14. Qb3 Nb8 15. Rfd1 b6 16. e5 Ba6 17. Bxa6 Nxa6 18. d6 exd6 19. Ng5 c4 20. Qxc4 d5 21. Qh4 h5 22. Nxf7 Rf8 23. e6 Bc3 24. Qg5 Rxf7 25. exf7+ Kxf7 26. Rxd5 Nc5 27. Bxc5 bxc5 28. Rd7+ Ke6 29. Qe7+ Kf5 30. Rd5+ Kf4 31. Qe3# 1-0


[Site "https://www.chess.com"]

[Event "Titled Tuesday Blitz March 29 Early 2022"]
[White "Biletskiy, Danylo"]
[Black "Silva, Mariana Sofia T."]
[WhiteFideId "14155419"]
[BlackFideId "1911899"]
[WhiteElo "2087"]
[BlackElo "1825"]
[Result "1-0"]
[Round "07"]
[TimeControl "180+1"]
[Date "2022.03.30"]
[WhiteClock "0:01:00"]
[BlackClock "0:00:04"]

1. e4 c6 2. Ne2 d5 3. e5 c5 4. d4 cxd4 5. Nxd4 e6 6. c4 Ne7 7. Nc3 a6 8. Be3 Nbc6 9. Nxc6 Nxc6 10. cxd5 exd5 11. Nxd5 Nxe5 12. Bb6 Bb4+ 13. Ke2 Qh4 14. Qd4 Qxd4 15. Bxd4 Bd6 16. f4 Nc6 17. Bxg7 Rg8 18. Nf6+ Kd8 19. Nxg8 Bg4+ 20. Kf2 Kc7 21. Nf6 Bf5 22. Bc4 Bc5+ 23. Kg3 Nd4 24. Rad1 Kc6 25. b4 Bb6 26. a4 Bg6 27. Bd5+ Kd6 28. Be4 Ke6 29. Bxg6 hxg6 30. Rhe1+ Kf5 31. Re5# 1-0


[Site "https://www.chess.com"]

[Event "Titled Tuesday Blitz March 29 Early 2022"]
[White "Bintang, Rasyid A. Hidayat"]
[Black "Khripachenko, Alexander"]
[WhiteFideId "7105355"]
[BlackFideId "54184975"]
[WhiteElo "2384"]
[BlackElo "2177"]
[Result "1-0"]
[Round "07"]
[TimeControl "180+1"]
[Date "2022.03.30"]
[WhiteClock "0:00:35"]
[BlackClock "0:01:00"]

1. d4 Nf6 2. Bf4 g6 3. Nc3 Bg7 4. e4 d6 5. Qd2 c6 6. O-O-O b5 7. f3 b4 8. Nce2 Qa5 9. Kb1 Be6 10. Nc1 Nbd7 11. Nh3 h6 12. Nf2 Nb6 13. Nb3 Qa4 14. g4 Nc4 15. Bxc4 Bxc4 16. e5 dxe5 17. dxe5 Nd5 18. Nc1 Qa5 19. Nb3 Qa4 20. Nc1 Rb8 21. Ne4 O-O 22. b3 Qa3 23. Nd3 Bxd3 24. cxd3 Nxf4 25. Qxf4 Rbd8 26. d4 Qa5 27. Nc5 Rd5 28. e6 f5 29. Nd7 Rd8 30. Rhg1 g5 31. Qe3 Qa3 32. gxf5 Rxf5 33. h4 c5 34. hxg5 cxd4 35. Qd3 Rxg5 36. Rxg5 hxg5 37. Rh1 Rxd7 38. exd7 Qa5 39. Qc4+ Kf8 40. Qc8+ Kf7 41. d8=Q 1-0


[Site "https://www.chess.com"]

[Event "Titled Tuesday Blitz March 29 Early 2022"]
[White "Brodowski, Piotr"]
[Black "Tsyhanchuk, Stanislav"]
[WhiteFideId "1124480"]
[BlackFideId "13505130"]
[WhiteElo "2422"]
[BlackElo "2078"]
[Result "0-1"]
[Round "07"]
[TimeControl "180+1"]
[Date "2022.03.30"]
[WhiteClock "0:00:11"]
[BlackClock "0:00:04"]

1. e4 c5 2. Nc3 Nc6 3. Bb5 Nd4 4. Nf3 Nxb5 5. Nxb5 a6 6. Nc3 e6 7. d4 cxd4 8. Qxd4 Ne7 9. Bf4 Nc6 10. Qd2 b5 11. a3 Be7 12. O-O O-O 13. Rad1 f5 14. exf5 Rxf5 15. Bd6 Bf6 16. Ne4 Qe8 17. Qe2 Qh5 18. Ng3 Qg6 19. Nxf5 Qxf5 20. c3 Bb7 21. Rfe1 Re8 22. Bg3 d5 23. Nd4 Qg6 24. Nxc6 Bxc6 25. Qe3 d4 26. cxd4 Bd5 27. Rc1 Bg5 28. f4 Bf6 29. Rc7 h5 30. Re2 h4 31. Be1 Bc4 32. Rf2 h3 33. g3 Rd8 34. Rxc4 bxc4 35. Bc3 Qf5 36. Re2 Kf7 37. Qe4 Rd5 38. Qxf5 exf5 39. Rd2 a5 40. Kf2 a4 41. Ke3 g5 42. Rf2 g4 43. Re2 Rd7 44. Kd2 Bxd4 45. Kc2 Bc5 46. Re5 Be7 47. Rxf5+ Ke6 48. Re5+ Kf7 49. Re4 Rd3 50. Rxc4 Rf3 51. Rd4 Bc5 52. Rd2 Be3 53. Re2 Bg1 54. Be1 Be3 55. Kd3 Bc5+ 56. Ke4 Be7 57. Bc3 Rf1 58. Bd4 Bf6 59. Bxf6 Kxf6 60. Ke3 Rf3+ 61. Kd2 Rb3 62. Kc2 Rf3 63. Rd2 Kf5 64. Rd5+ Kf6 65. Re5 Rf2+ 66. Kc3 Rxh2 67. Rh5 Rg2 68. Kd4 Rxg3 69. Ke4 Rb3 70. Rh6+ Kg7 71. Rh4 g3 72. Rxh3 g2 0-1


[Site "https://www.chess.com"]

[Event "Titled Tuesday Blitz March 29 Early 2022"]
[White "Carrasco Miranda, Andres"]
[Black "Borodavkin, Anatoly"]
[WhiteFideId "3405990"]
[BlackFideId "14150662"]
[WhiteElo "2177"]
[BlackElo "1845"]
[Result "1-0"]
[Round "07"]
[TimeControl "180+1"]
[Date "2022.03.30"]
[WhiteClock "0:01:31"]
[BlackClock "0:01:02"]

1. d4 d5 2. c4 Nc6 3. Nc3 Nf6 4. Nf3 Bg4 5. Bg5 e6 6. Ne5 Bh5 7. Qa4 Be7 8. Nxc6 bxc6 9. Qxc6+ Kf8 10. cxd5 Nxd5 11. Nxd5 Bxg5 12. h4 Be7 13. Nxe7 Kxe7 14. Qc5+ Qd6 15. Qxh5 Qb4+ 16. Kd1 Qxb2 17. Qc5+ Kf6 18. Qg5# 1-0


[Site "https://www.chess.com"]